 Dungeon Crawl Stone Soup version 0.19-a0-606-gee5277e (webtiles) character file.

2559 TheGoonsmith the Grappler (level 9, -11/92 HPs)
             Began as a Troll Monk on June 12, 2016.
             Shot with an arrow by a centaur (14 damage)
             ... on level 7 of the Dungeon.
             The game lasted 00:10:53 (6165 turns).

TheGoonsmith the Grappler (Troll Monk)              Turns: 6165, Time: 00:10:54

Health: -11/92     AC:  9    Str: 21    XL:     9   Next: 31%
Magic:  8/8        EV: 11    Int:  6    God:
Gold:   331        SH:  0    Dex: 15    Spells: 0 memorised, 8 levels left

rFire  . . .     SeeInvis .       - Unarmed
rCold  . . .     Gourm    +     B - +1 robe (curse)
rNeg   . . .     Faith    .     (no shield)
rPois  .         Spirit   .     (helmet restricted)
rElec  .         Dismiss  .     w - +2 cloak
rCorr  +         Reflect  .     (gloves unavailable)
SustAt .         Harm     .     (boots unavailable)
MR     .....                    d - amulet of rage
Stlth  ++........               (no ring)
                                r - ring of resist corrosion

@: exhausted, about to teleport, very slightly contaminated, not resistant to
hostile enchantments, unstealthy
A: unfitting armour, claws 3, fast metabolism 3, gourmand, regeneration 2,
shaggy fur 1, tough skin 2
a: Evoke Berserk Rage


You were on level 7 of the Dungeon.
You were very full.

You visited 1 branch of the dungeon, and saw 7 of its levels.
You also visited: Ossuary.

You collected 331 gold pieces.

Inventory:

Missiles
 v - 204 stones (quivered)
 M - a throwing net
Armour
 a - a +0 robe
 w - a +2 cloak (worn)
 B - a cursed +1 robe (worn)
 D - a +0 cloak
Jewellery
 d - an amulet of rage (around neck)
 r - a ring of resist corrosion (left claw)
 t - an uncursed amulet of faith
 x - an uncursed amulet of dismissal
 y - an uncursed ring of ice
 z - an uncursed ring of wizardry {unknown}
 L - an uncursed amulet of regeneration
Wands
 O - a wand of polymorph (8/24)
Scrolls
 f - a scroll of magic mapping
 g - 4 scrolls of remove curse
 i - a scroll of recharging
 l - 3 scrolls of identify
 H - a scroll of random uselessness {unknown}
 K - a scroll of blinking {unknown}
Potions
 c - 2 potions of brilliance {unknown}
 j - a potion of magic {unknown}
 m - 4 potions of flight
 o - 2 potions of lignification {unknown}
 p - 3 potions of might {unknown}
 A - 2 potions of ambrosia {unknown}
 C - 3 potions of curing
 F - 2 potions of heal wounds {unknown}
 I - a potion of agility {unknown}
 J - a potion of cure mutation {unknown}
Comestibles
 b - 5 bread rations
 h - a beef jerky
 k - 3 meat rations
 n - a slice of pizza
 q - a royal jelly
 s - 3 fruits
 N - 2 chunks of flesh


   Skills:
 + Level 6.4 Fighting
 - Level 2.4 Dodging
 - Level 1.1 Stealth
 * Level 11.1 Unarmed Combat


You had 8 spell levels left.
You didn't know any spells.

Dungeon Overview and Level Annotations

Branches:
Dungeon (7/15)
 Temple: D:4-7

Altars:
Ashenzari
Fedhas
Pakellas
Qazlal
Sif Muna
Trog
Vehumet
Zin


Innate Abilities, Weirdness & Mutations

You are too large for most types of armour.
You have claws for hands.
Your metabolism is lightning-fast.
You like to eat raw meat.
You heal very quickly.
You are covered in fur. (AC +1)
You have very tough skin. (AC +2)


Message History

* * * LOW HITPOINT WARNING * * *
As you read the scroll labeled QAMINA NEQO, it crumbles to dust.
It is a scroll of enchant armour.
Enchant which item? (? for menu, Esc to quit)
Your cursed +0 robe glows green for a moment.
The centaur closely misses you. The gnoll barely misses you.
The gnoll closely misses you. The centaur barely misses you.
As you read the scroll labeled NARCHO INUA, it crumbles to dust.
You feel strangely unstable.
It was a scroll of teleportation.
You feel yourself speed up. The centaur misses you.
The gnoll barely misses you.
The centaur hits you but does no damage.
The gnoll closely misses you. x2
Okay, then.
The centaur wields an uncursed shortbow.
The centaur shoots an arrow.
The arrow hits you!
* * * LOW HITPOINT WARNING * * *
You see here 3 arrows.
The centaur shoots an arrow.
The arrow hits you!
You die...

.)..#'##### #####...####
.)#<#.# #.............#
..###.# #.............#
......# #........^....#
.###### #.............#
....######.............#
##.......+.............#
##...#####.............#
##...# #......@..รท...#
##...# #.......(.....#
###### #########.##### #
#c## # #gg## # ##..#
#(.## ##..## #####..#


You could see a centaur (inner flame) and a gnoll (inner flame).

Vanquished Creatures
  The ghost of TheGoonsmith the Cudgeler, a novice DsGl (D:4)
  A wyvern (D:7)
  Menkaure (Ossuary)
  Duvessa (D:6)
  An orc warrior (D:7)
  An ice beast (D:6)
  A sky beast (D:7)
  4 ogres
  A centaur (D:5)
  2 giant frogs
  Dowan (D:6)
  A wyvern skeleton (D:6)
  2 crimson imps
  5 orc priests
  A jelly (D:5)
  2 gnoll shamans (D:7)
  A hound (D:6)
  2 iguanas
  3 worker ants
  7 orc wizards
  2 mummies (Ossuary)
  Robin (D:3)
  14 gnolls
  5 adders
  An adder zombie (D:5)
  3 worms
  2 dart slugs
  9 giant geckos
  22 orcs
  4 bats
  5 giant cockroaches
  7 gnoll zombies (Ossuary)
  17 goblins
  8 hobgoblins
  7 jackals
  4 kobolds
  A quokka (D:5)
  A giant cockroach zombie (D:6)
  A giant gecko skeleton (D:4)
  4 giant newts
  5 gnoll skeletons (Ossuary)
  3 goblin skeletons (Ossuary)
  A goblin zombie (Ossuary)
  A hobgoblin skeleton (Ossuary)
  A hobgoblin zombie (Ossuary)
  A kobold skeleton (Ossuary)
  3 kobold zombies (Ossuary)
  2 orc skeletons (Ossuary)
  6 orc zombies (Ossuary)
  8 rats
  2 rat skeletons (Ossuary)
  A rat zombie (Ossuary)
191 creatures vanquished.

Vanquished Creatures (others)
  A centaur (D:5)
  A mummy (Ossuary)
  2 gnolls (D:7)
  2 gnoll zombies (Ossuary)
  2 goblin skeletons (Ossuary)
  A goblin zombie (Ossuary)
  3 hobgoblin skeletons (Ossuary)
  2 kobold skeletons (Ossuary)
  A kobold zombie (Ossuary)
  2 orc skeletons (Ossuary)
  2 orc zombies (Ossuary)
  2 rat skeletons (Ossuary)
  A bush (D:5)
  2 fungi (D:7)
  2 plants (D:7)
26 creatures vanquished.

Grand Total: 217 creatures vanquished

Notes
Turn   | Place    | Note
--------------------------------------------------------------
     0 | D:1      | TheGoonsmith the Troll Monk began the quest for the Orb.
     0 | D:1      | Reached XP level 1. HP: 22/22 MP: 0/0
     8 | D:1      | Noticed an electric eel
   274 | D:1      | Reached XP level 2. HP: 29/29 MP: 1/1
  1008 | D:2      | Reached XP level 3. HP: 36/36 MP: 2/2
  1336 | D:2      | Found a deep blue altar of Sif Muna.
  1591 | D:2      | Reached skill level 5 in Unarmed Combat
  1666 | D:2      | Found a bloodstained altar of Trog.
  2055 | D:3      | Reached XP level 4. HP: 29/44 MP: 3/3
  2153 | D:3      | Found a radiant altar of Vehumet.
  2211 | D:3      | Found a shattered altar of Ashenzari.
  2219 | D:3      | Noticed Robin
  2244 | D:3      | Killed Robin
  2657 | D:4      | Reached XP level 5. HP: 46/53 MP: 4/4
  2695 | D:4      | Noticed TheGoonsmith's ghost (novice DsGl)
  2718 | D:4      | HP: 1/53 [TheGoonsmith's ghost (11)]
  2730 | D:4      | Killed TheGoonsmith's ghost
  2730 | D:4      | Reached skill level 7 in Unarmed Combat
  2730 | D:4      | Reached XP level 6. HP: 14/62 MP: 5/5
  3353 | D:5      | Entered Level 5 of the Dungeon
  3370 | D:5      | Reached XP level 7. HP: 70/70 MP: 6/6
  3444 | D:5      | HP: 3/71 [orc wizard/puff of flame (10)]
  3690 | D:5      | Reached skill level 8 in Unarmed Combat
  3900 | D:5      | Found a blossoming altar of Fedhas.
  3912 | D:5      | HP: 2/71 [centaur/arrow (10)]
  4104 | D:5      | Reached XP level 8. HP: 52/79 MP: 7/7
  4513 | D:6      | Reached skill level 5 in Fighting
  4525 | D:6      | Found a glowing silver altar of Zin.
  4526 | D:6      | Found an oddly glowing altar of Pakellas.
  4557 | D:6      | Noticed Duvessa
  4570 | D:6      | Reached skill level 9 in Unarmed Combat
  4575 | D:6      | Killed Duvessa
  4578 | D:6      | Noticed Dowan
  4586 | D:6      | Killed Dowan
  4708 | D:6      | Found a sand-covered staircase.
  4717 | Ossuary  | Entered an ossuary
  4961 | Ossuary  | Noticed Menkaure
  4965 | Ossuary  | Killed Menkaure
  5004 | D:6      | Found a stormy altar of Qazlal.
  5154 | D:6      | Reached skill level 10 in Unarmed Combat
  5678 | D:6      | Reached XP level 9. HP: 65/89 MP: 8/8
  6114 | D:7      | Reached skill level 11 in Unarmed Combat
  6164 | D:7      | HP: 2/92 [centaur/arrow (12)]
  6165 | D:7      | Shot with an arrow by a centaur

Vault maps used:
D:1:      arrival_aquarium_a, minmay_three_crescents
D:2:      bloody_trog, lemuel_blue_sif_altar, corexii_hall_statues_i
D:3:      nicolae_overflow_hidden_temple, ashenzari_conservatory_becter,
          first_bread, uniq_robin
D:4:      wad_lake_hut, uniq_crazy_yiuf_cottage
D:5:      fedhas_bush_and_centaur_altar
D:6:      nicolae_overflow_crystal_walls, grunt_temple_overflow_open,
          enter_ossuary_1, uniq_duvessa
D:7:      kennysheep_seaside_town, regret_index_temple_of_mockery,
          temple_fountains
Ossuary:  ossuary_due_pyramid

Skill      XL: |  1  2  3  4  5  6  7  8  9 |
---------------+----------------------------+-----
Unarmed Combat | 5 7 8 10 11 | 11.1
Fighting       | 3 4 6 |  6.4
Dodging        | |  2.4
Stealth        | |  1.1

Action                   |  1- 3 |  4- 6 |  7- 9 || total
-------------------------+-------+-------+-------++-------
Melee: Unarmed           |   104 |   101 |   291 ||   496
       Punch             |     3 |     8 |    13 ||    24
Throw: Stone             |    19 |    12 |       ||    31
 Abil: Evoke Berserk Rag |       |       |     3 ||     3
  Use: Scroll            |       |     8 |     4 ||    12
       Potion            |       |     2 |     4 ||     6
 Stab: Sleeping          |     2 |       |     2 ||     4
       Invisible         |       |     4 |     1 ||     5
  Eat: Chunk             |    17 |    18 |    24 ||    59
       Bread ration      |       |       |     1 ||     1
Armor: Robe              |    35 |    33 |    74 ||   142
Dodge: Dodged            |    56 |    34 |   145 ||   235
